 Dungeon Crawl Stone Soup version 0.21-a0-519-gb765982 (webtiles) character file.

75 slep the Chopper (level 4, -6/24 HPs)
             Began as a Vine Stalker Monk on Dec 4, 2017.
             Mangled by Robin
             ... wielding a +1 trident of distortion
              (11 damage)
             ... on level 3 of the Dungeon.
             The game lasted 00:06:26 (2054 turns).

slep the Chopper (Vine Stalker Monk)                Turns: 2054, Time: 00:06:26

Health: -6/24      AC:  6    Str: 14    XL:     4   Next: 31%
Magic:  0/5        EV: 10    Int: 10    God:
Gold:   99         SH:  0    Dex: 17    Spells: 3/3 levels left

rFire    . . .     SeeInvis .   a - +0 hand axe
rCold    . . .     Gourm    .   (no shield)
rNeg     . . .     Faith    .   r - +0 scale mail
rPois    .         Spirit   +   (no helmet)
rElec    .         Reflect  .   (no cloak)
rCorr    .         Harm     .   (no gloves)
MR       .....                  (no boots)
Stlth    +.........             (no amulet)
HPRegen  0.48/turn              (no ring)
MPRegen  0.09/turn              (no ring)

@: no status effects
A: fangs 2, regeneration 1, magic shield, antimagic bite, no potion heal 3, rot
immunity
a: no special abilities


You were on level 3 of the Dungeon.
You were not hungry.

You visited 1 branch of the dungeon, and saw 4 of its levels.

You collected 99 gold pieces.

Inventory:

Hand Weapons
 a - a +0 hand axe (weapon)
Missiles
 l - 5 steel javelins (quivered)
Armour
 b - a +0 robe
 h - a +0 leather armour
 r - a +0 scale mail (worn)
Scrolls
 f - 2 scrolls of enchant weapon {unknown}
 g - 3 scrolls of identify {unknown}
 i - 2 scrolls of teleportation {unknown}
 n - a scroll of remove curse {unknown}
 p - a scroll of fog {unknown}
 t - a scroll of enchant armour {unknown}
Potions
 e - 5 potions of curing {unknown}
 j - a potion of lignification {unknown}
 k - a potion of resistance {unknown}
 m - a potion of haste
 o - a potion of degeneration {unknown}
Books
 s - a book of Cantrips

   Spells                             Type                      Level
   a - Confusing Touch                Hexes                        1
   b - Animate Skeleton               Necromancy                   1
   c - Summon Small Mammal            Summoning                    1
   d - Apportation                    Translocation                1
Comestibles
 c - a bread ration
 d - a fruit
 q - a meat ration


   Skills:
 + Level 3.2 Fighting
 + Level 3.4 Axes
 + Level 0.4 Armour
 + Level 2.9 Dodging
 + Level 3.1 Stealth


You had 3 spell levels left.
You didn't know any spells.

Dungeon Overview and Level Annotations

Branches:
Dungeon (4/15)
 Temple: D:4-7

Altars:
Fedhas
Qazlal

Annotations:
D:3 exclusion: oklob plant, Robin
D:4 isock's ghost, amateur GnSk


Innate Abilities, Weirdness & Mutations

You have extremely sharp teeth.
Your natural rate of healing is unusually fast.
When hurt, damage is shared between your health and your magic reserves.
Your bite disrupts and absorbs the magic of your enemies.
Potions cannot restore your health.
You are immune to rotting.


Message History

You closely miss the goblin. You hit the goblin.
You kill the goblin!
Robin roars a battlecry!
The goblins go into a battle-frenzy!
The goblin barely misses you. The goblin closely misses you.
Unknown command.
You hit the goblin.
You kill the goblin!
You hit the goblin. The goblin hits you.
Robin laughs in a distinctly smug fashion.
A goblin comes into view. It is wielding a club.
You hit the goblin.
You kill the goblin!
Robin hits you but does no damage. Space warps horribly around you!
Ouch! That really hurt!
* * * LOW HITPOINT WARNING * * *
Robin hits you from afar with a trident of distortion.
* * * LOW HITPOINT WARNING * * *
Space warps horribly around you!
You die...

#.#.######...####.#
#.#.# #....#......#
#.#.###.##...######
#.#.....###.##
#.####### #.# #.###
#.###### #...#
#.##...# ###.#
#..$)#.# #.#
####@).# #.# ##.##
#.# g# #####.# g#
......# .# ####..#
g# ####..# .#
....<.# g# ####.##


You could see Robin, a hobgoblin and 2 goblins.

Vanquished Creatures
  A worker ant (D:2)
  A dart slug (D:1)
  An orc (D:3)
  5 bats
  4 giant cockroaches
  12 goblins
  5 hobgoblins
  3 ball pythons
  A frilled lizard (D:1)
  7 kobolds
  5 rats
45 creatures vanquished.

Vanquished Creatures (others)
  12 toadstools (D:3)
12 creatures vanquished.

Grand Total: 57 creatures vanquished

Notes
Turn   | Place    | Note
-------+----------+-------------------------------------------
     0 | D:1      | slep the Vine Stalker Monk began the quest for the Orb.
     0 | D:1      | Reached XP level 1. HP: 11/11 MP: 2/2
    97 | D:1      | Reached XP level 2. HP: 1/16 MP: 1/3
   696 | D:1      | Reached XP level 3. HP: 7/20 MP: 1/4
   968 | D:2      | HP: 1/20 [poisoned by a worker ant]
  1312 | D:2      | Gained mutation: Your natural rate of healing is unusually fast. [Vine Stalker growth]
  1312 | D:2      | Reached XP level 4. HP: 24/24 MP: 5/5
  1341 | D:2      | You fall through a shaft for 2 floors!
  1359 | D:4      | Found a stormy altar of Qazlal.
  1437 | D:4      | Noticed isock's ghost (amateur GnSk)
  1645 | D:3      | Found a faded altar of an unknown god.
  1971 | D:3      | Found a blossoming altar of Fedhas.
  1982 | D:3      | Noticed an oklob plant
  2050 | D:3      | Noticed Robin
  2054 | D:3      | Mangled by Robin

Vault maps used:
D:1:      scummos_arrival_gate, serial_corexii_hall, corexii_hall_statues_l,
          corexii_hall_statues_t
D:3:      chequers_ecumenical_altar_simple, tgw_fedhas, uniq_robin
D:4:      grunt_qazlal_clouds, serial_shops, shop

Skill      XL: |  1  2  3 |
---------------+----------+-----
Axes           | 3 |  3.4
Fighting       | 3 |  3.2
Stealth        | 3 |  3.1
Armour         | |  0.4
Dodging        | |  2.9

Action                   |  1- 3 |  4- 6 || total
-------------------------+-------+-------++-------
Melee: Hand axe          |    92 |    43 ||   135
       Bite              |    25 |    12 ||    37
 Stab: Sleeping          |     3 |     1 ||     4
  Eat: Chunk             |     1 |     3 ||     4
Armor: Robe              |     6 |       ||     6
       Leather armour    |    13 |     4 ||    17
       Scale mail        |       |     6 ||     6
Dodge: Dodged            |    60 |    31 ||    91

Table legend:
 A = Spawn XP
 B = Non-spawn XP
 C = Spawn XP percentage of total XP
 D = Spawn monster count
 E = Non-spawn monster count
 F = Spawn count percentage of total count
 G = Total turns spent on level
                    A         B        C        D         E        F      G
               +---------+---------+-------+---------+---------+-------+---------
         Total |       0 |     108 |   0.0 |       0 |      45 |   0.0 |  2054
               +---------+---------+-------+---------+---------+-------+---------
           D:1 |       0 |      39 |   0.0 |       0 |      24 |   0.0 |   923
           D:2 |       0 |      43 |   0.0 |       0 |       6 |   0.0 |   418
           D:3 |       0 |      22 |   0.0 |       0 |      12 |   0.0 |   582
           D:4 |       0 |       4 |   0.0 |       0 |       3 |   0.0 |   131
               +---------+---------+-------+---------+---------+-------+---------
